 Dungeon Crawl Stone Soup version 0.30-a0-535-g2c0b3469a7 (webtiles) character file.

Game seed: 569192168743388893

541 Bnni the Vexing (level 7, -3/52 HPs)
             Began as a Formicid Hexslinger on Dec 25, 2022.
             Slain by an ogre
             ... wielding a +0 giant club
              (22 damage)
             ... on level 5 of the Dungeon.
             The game lasted 00:07:34 (4017 turns).

Bnni the Vexing (Formicid Hexslinger)               Turns: 4017, Time: 00:07:34

Health: -3/52      AC:  9    Str: 15    XL:     7   Next: 52%
Magic:  3/11       EV: 12    Int: 14    God:
Gold:   307        SH:  0    Dex: 14    Spells: 4/12 levels left

rFire   . . .      SeeInvis +    a - +1 sling
rCold   . . .      Faith    .    (no shield)
rNeg    . . .      Spirit   .    c - +0 robe
rPois   .          Reflect  .    (helmet unavailable)
rElec   .          Harm     .    (no cloak)
rCorr   .          Rampage  .    k - +2 pair of gloves
Will    .....                    (no boots)
Stlth   +                        (no amulet)
HPRegen 0.28/turn                q - ring of wizardry
MPRegen 0.12/turn                o - +4 ring of protection

@: no status effects
A: permanent stasis, dig shafts and tunnels, antennae 3, four strong arms
a: Dig, Shaft Self


You were on level 5 of the Dungeon.
You visited 2 branches of the dungeon, and saw 6 of its levels.

You collected 307 gold pieces.

Inventory:

Hand Weapons
 a - a +1 sling (weapon)
Missiles
 i - 3 boomerangs of dispersal
Armour
 c - a +0 robe (worn)
 k - a +2 pair of gloves (worn)
Jewellery
 m - a ring of resist corrosion
 o - a +4 ring of protection (right hand)
 q - a ring of wizardry (left hand)
Scrolls
 b - a scroll of poison
 d - 2 scrolls of vulnerability {unknown}
 e - a scroll of magic mapping {unknown}
 f - 2 scrolls of immolation {unknown}
 g - 3 scrolls of fog {unknown}
 j - a scroll of brand weapon {unknown}
 l - a scroll of enchant armour {unknown}
 p - a scroll of teleportation {unknown}
 r - a scroll of amnesia {unknown}
 y - a scroll of enchant weapon {unknown}
Potions
 h - 6 potions of curing {unknown}
 n - a potion of mutation
 s - 2 potions of might {unknown}
 t - a potion of lignification
 u - a potion of degeneration {unknown}
 v - a potion of heal wounds
 w - a potion of brilliance {unknown}
 x - a potion of invisibility {unknown}


   Skills:
 + Level 3.3 Fighting
 * Level 4.8 Ranged Weapons
 - Level 1.7 Dodging
 + Level 3.0 Spellcasting
 * Level 6.2 Hexes


You had 4 spell levels left.
You knew the following spells:

 Your Spells              Type           Power      Damage    Failure   Level
a - Slow                  Hex            76%        N/A       1%          1
b - Inner Flame           Hex/Fire       10%        N/A       8%          3
d - Cause Fear            Hex            9%         N/A       6%          4

Your spell library contained the following spells:

 Spells                   Type           Power      Damage    Failure   Level
 Portal Projectile        Hex/Tloc       20%        N/A       8%          3
 Anguish                  Hex/Necr       5%         N/A       24%         4
 Airstrike                Air            1%         2d(1-17)  61%         4
 Summon Lightning Spire   Summ/Air       2%         N/A       61%         4
 Lightning Bolt           Conj/Air       1%         1d12      90%         5
 Enfeeble                 Hex            9%         N/A       99%         7


Dungeon Overview and Level Annotations

Branches:
Dungeon (5/15)             Temple (1/1) D:5

Altars:
Ashenzari
Cheibriados
Elyvilon
Fedhas
Gozag
Kikubaaqudgha
Makhleb
Nemelex Xobeh
Qazlal
Sif Muna
Uskayaw
Vehumet
Wu Jian
Xom
Yredelemnul
Zin


Innate Abilities, Weirdness & Mutations

You cannot be hasted, slowed, berserked, paralysed or teleported.
You can dig through walls and to a lower floor.
You have a pair of large antennae on your head. (SInv)
Your four strong arms can wield two-handed weapons with a shield.


Message History

The ogre hits you with a +0 giant club!!
Ouch! That really hurt!
Casting: Inner Flame (dangerous; 8% risk of failure)
Confirm with . or Enter, or press ? or * to list all spells.
Aiming: Slow (safe; 1% risk of failure)
Press: ? - help, Shift-Dir - straight line, f/p - ogre
Aim: an ogre, wielding a +0 giant club (inner flame, chance to affect: 51%)
The ogre resists with significant effort.
Casting: Slow (safe; 1% risk of failure)
Confirm with . or Enter, or press ? or * to list all spells.
Aiming: Slow (safe; 1% risk of failure)
Press: ? - help, Shift-Dir - straight line, f/p - ogre
Aim: an ogre, wielding a +0 giant club (inner flame, chance to affect: 51%)
The ogre resists with significant effort.
The ogre hits you with a +0 giant club.
Casting: Slow (safe; 1% risk of failure)
Confirm with . or Enter, or press ? or * to list all spells.
Aiming: Slow (safe; 1% risk of failure)
Press: ? - help, Shift-Dir - straight line, f/p - ogre
Aim: an ogre, wielding a +0 giant club (inner flame, chance to affect: 51%)
The ogre resists with significant effort.
The ufetubus hits you but does no damage. x2
The ogre barely misses you.
Casting: Slow (safe; 1% risk of failure)
Confirm with . or Enter, or press ? or * to list all spells.
Aiming: Slow (safe; 1% risk of failure)
Press: ? - help, Shift-Dir - straight line, f/p - ogre
Aim: an ogre, wielding a +0 giant club (inner flame, chance to affect: 51%)
The ogre resists with significant effort.
The ufetubus hits you but does no damage.
The ufetubus barely misses you.
Casting: Slow (safe; 1% risk of failure)
Confirm with . or Enter, or press ? or * to list all spells.
Aiming: Slow (safe; 1% risk of failure)
Press: ? - help, Shift-Dir - straight line, f/p - ogre
Aim: an ogre, wielding a +0 giant club (inner flame, chance to affect: 51%)
The ogre resists with significant effort.
The ufetubus closely misses you. The ufetubus barely misses you.
The ogre hits you with a +0 giant club!!
You die...

#.#.#
#....#.#.....#
#.#.#
#....#>..
.#+####'#.#
#.....###
..........#
#......#
..........#
#.#....#
..........#
#.##....
##+####'#.# .
#.#.#####....
#.#..@O......
#.....5......
#.#########..
#.# ... ##


You could see an ogre (inner flame) and an ufetubus.

Vanquished Creatures
  An ice beast (D:5)
  A black bear (D:3)
  A scorpion (D:3)
  A necrophage (D:4)
  An orc priest (D:5)
  12 adders
  4 worms
  A dart slug (D:2)
  8 orcs
  10 ball pythons
  3 endoplasms
  4 giant cockroaches
  9 goblins
  6 hobgoblins
  9 jackals (D:2)
  A quokka (D:4)
  6 bats
  4 frilled lizards
  5 kobolds
  2 rats
89 creatures vanquished.

Notes
Turn   | Place    | Note
-------+----------+-------------------------------------------
     0 | D:1      | Bnni the Formicid Hexslinger began the quest for the Orb.
     0 | D:1      | Reached XP level 1. HP: 15/15 MP: 2/2
   265 | D:1      | Reached XP level 2. HP: 21/21 MP: 3/3
   337 | D:1      | Reached skill level 4 in Hexes
  1008 | D:2      | Reached XP level 3. HP: 26/26 MP: 3/5
  1012 | D:2      | Learned a level 3 spell: Inner Flame
  1322 | D:2      | Reached XP level 4. HP: 33/33 MP: 4/6
  2439 | D:3      | Reached XP level 5. HP: 38/38 MP: 5/8
  2480 | D:3      | Learned a level 4 spell: Cause Fear
  2576 | D:3      | Reached skill level 5 in Hexes
  2771 | D:3      | Reached XP level 6. HP: 37/46 MP: 9/9
  3050 | D:4      | Noticed a black bear
  3097 | D:3      | Killed a black bear
  3098 | D:3      | Reached XP level 7. HP: 39/52 MP: 6/11
  3426 | D:4      | Found a shimmering altar of Xom.
  3443 | D:5      | Entered Level 5 of the Dungeon
  3532 | D:5      | Reached skill level 6 in Hexes
  3627 | D:5      | Found a staircase to the Ecumenical Temple.
  3631 | Temple   | Entered the Ecumenical Temple
  4017 | D:5      | Slain by an ogre

Illustrated notes

Levels and vault maps discovered:
D:1:      dpeg_arrival_tiny_c, layout_loops_corners, minmay_splitting_lines
D:2:      layout_rooms, corner_web_ring, minmay_bisected
D:3:      layout_basic, minmay_snake_closets
D:4:      layout_cave_pools, general_overflow_altar
D:5:      layout_basic, mainiacjoe_overflow_big_doors, temple_hall_moat
Temple:   bh_familiar_temple

Skill      XL: |  1  2  3  4  5  6  7 |
---------------+----------------------+-----
Hexes          | 4 5 6 |  6.2
Ranged Weapons | 3 4 |  4.8
Fighting       | 2 3 |  3.3
Spellcasting   | 2 3 |  3.0
Dodging        | |  1.7

Action                   |  1- 3 |  4- 6 |  7- 9 || total
-------------------------+-------+-------+-------++-------
 Fire: Sling             |   117 |   196 |    81 ||   394
 Cast: Slow              |     7 |    12 |    11 ||    30
       Inner Flame       |       |     2 |     1 ||     3
       Cause Fear        |       |       |     1 ||     1
 Abil: Dig               |     1 |     1 |       ||     2
  Use: Scroll            |       |     4 |       ||     4
Armor: Robe              |    11 |    59 |    19 ||    89
Dodge: Dodged            |    40 |    86 |    23 ||   149

Table legend: (Time is in decaauts)
 A = Elapsed time spent in this place.
 B = Non-inter-level travel time spent in this place.
 C = Inter-level travel time spent in this place.
 D = Time resting spent in this place.
 E = Time spent auto-exploring this place.
 F = Levels seen in this place.
 G = Mean time per level.
                   A        B        C        D        E       F      G
               +--------+--------+--------+--------+--------+-----+--------+
         Total |   4106 |   3866 |    240 |    148 |   2883 |   6 |  684.3 |
       Dungeon |   3934 |   3706 |    228 |    148 |   2726 |   5 |  786.8 |
        Temple |    172 |    160 |     12 |      0 |    157 |   1 |  172.0 |
               +--------+--------+--------+--------+--------+-----+--------+

Top non-repeatable levels by time:
     D:3: 1097 daAuts
     D:1: 1007 daAuts
     D:2: 835 daAuts
     D:4: 580 daAuts
     D:5: 413 daAuts
  Temple: 172 daAuts
